cohdb
Replays
Latest Replays
All Replays
Popular Replays
Top Player Replays
Match Explorer
How It Works
Community
CoH3 Stats
Reddit
Sign in to upload your games and track your stats! →
Sign in with Steam
Match 41776107
Unlisted
Match 41776107
Overview
Messages
Build Orders
End
Royal Engineer Section
Construct Section Command Post
Infantry Section
Infantry Section
Infantry Section
Construct Platoon Command Post
Infantry Section
Humber Armored Car
Construct Field Infirmary
Grenade Package
ML 3-inch Mortar Team
6-pounder Anti-tank Gun Team
Vickers Machine Gun Team
Construct Company Command Post
I'm hungry for popcorn
(502) Bad Gateway
0
0
Comments
sign in to comment!
No comments posted yet!